 Dungeon Crawl Stone Soup version 0.29.1-12-g30fa7ad0bf (webtiles) character file.

Game seed: 2741619376323335998

13259 wormed the Basher (level 11, -1/89 HPs)
             Began as a Demonspawn Fighter on Dec 22, 2022.
             Was an Initiate of Yredelemnul.
             Slain by Ymaizaaff's ghost (17 damage)
             ... on level 1 of the Lair of Beasts.
             The game lasted 00:26:58 (13435 turns).

wormed the Basher (Demonspawn Fighter)             Turns: 13435, Time: 00:26:59

Health: -1/89      AC: 22    Str: 20    XL:     11   Next: 73%
Magic:  8/11       EV:  6    Int: 11    God:    Yredelemnul [......]
Gold:   605        SH:  6    Dex: 12    Spells: 10/10 levels left

rFire   . . .      SeeInvis +   R - +2 whip (elec)
rCold   . . .      Faith    .   c - +0 buckler
rNeg    + . .      Spirit   .   P - +0 plate armour
rPois   .          Reflect  .   D - +0 helmet
rElec   .          Harm     .   K - +2 cloak
rCorr   .          Rampage  .   (no gloves)
Will    .....                   h - +0 pair of boots
Stlth   ..........              (no amulet)
HPRegen 0.24/turn               j - ring of see invisible
MPRegen 0.12/turn               m - ring of positive energy

@: no status effects
A: claws 1, icy blue scales 2, foul stench 2, powered by death 2
a: Renounce Religion, Recall Undead Harvest


You were on level 1 of the Lair of Beasts.
You worshipped Yredelemnul.
Yredelemnul was noncommittal.
You visited 3 branches of the dungeon, and saw 11 of its levels.

You collected 605 gold pieces.

Inventory:

Hand Weapons
 a - a +1 flail
 I - a +0 whip of flaming
 M - a +2 vampiric whip
 N - a +1 whip of venom
 R - a +2 whip of electrocution (weapon)
Missiles
 b - 5 javelins (quivered)
 E - 2 throwing nets
Armour
 c - a +0 buckler (worn)
 h - a +0 pair of boots (worn)
 D - a +0 helmet (worn)
 K - a +2 cloak (worn)
 P - a +0 plate armour (worn)
Jewellery
 j - a ring of see invisible (left claw)
 m - a ring of positive energy (right claw)
 A - a ring of magical power
 B - the ring of Quynoy {rF+ rC+ MP+9 Str+4 Slay-2}
   (You found it on level 5 of the Dungeon)

   [ring of magical power]

   Str:       It affects your strength (+4).
   Slay:      It affects your accuracy & damage with ranged weapons and melee
   (-2).
   rF:        It protects you from fire.
   rC:        It protects you from cold.
   MP:        It affects your magic capacity (+9).
 C - a ring of flight
 S - a ring of resist corrosion
 W - a ring of ice
Wands
 q - a wand of flame (33)
 F - a wand of quicksilver (16)
 G - a wand of paralysis (5)
 V - a wand of mindburst (3)
Scrolls
 e - 6 scrolls of teleportation
 f - a scroll of enchant weapon
 g - 3 scrolls of vulnerability
 i - a scroll of noise {unknown}
 n - 2 scrolls of poison {unknown}
 o - a scroll of immolation
 s - 2 scrolls of silence {unknown}
 t - 2 scrolls of fog {unknown}
 y - a scroll of magic mapping {unknown}
 H - a scroll of fear {unknown}
 J - a scroll of identify
 L - 2 scrolls of enchant armour {unknown}
 O - a scroll of summoning {unknown}
 Q - a scroll of amnesia {unknown}
 U - a scroll of torment {unknown}
Potions
 d - 2 potions of might
 k - 3 potions of curing
 l - 2 potions of invisibility
 p - 2 potions of degeneration
 r - a potion of brilliance
 u - a potion of ambrosia {unknown}
 v - 3 potions of flight
 w - 3 potions of haste
 x - a potion of berserk rage {unknown}
 z - 2 potions of mutation
 T - a potion of resistance {unknown}
 X - a potion of attraction {unknown}


   Skills:
 + Level 9.1 Fighting
 * Level 11.3 Maces & Flails
 + Level 8.4 Armour
 + Level 8.3 Shields


You had 10 spell levels left.
You didn't know any spells.
Your spell library contained the following spells:

 Spells                   Type           Power      Damage    Failure   Level
 Summon Small Mammal      Summ           0%         N/A       100%        1
 Ensorcelled Hibernation  Hex/Ice        0%         N/A       100%        2
 Call Canine Familiar     Summ           0%         N/A       100%        3
 Portal Projectile        Hex/Tloc       0%         N/A       100%        3
 Spider Form              Tmut/Pois      0%         N/A       100%        3
 Summon Guardian Golem    Hex/Summ       0%         N/A       100%        3
 Tukima's Dance           Hex            0%         N/A       100%        3
 Anguish                  Hex/Necr       0%         N/A       100%        4
 Blade Hands              Tmut           0%         N/A       100%        5
 Borgnjor's Vile Clutch   Necr/Erth      0%         N/A       100%        5
 Chain Lightning          Conj/Air       0%         N/A       100%        9
 Fire Storm               Conj/Fire      0%         5d1       100%        9
 Shatter                  Erth           0%         3d5*      100%        9
 Animate Dead             Necr           Unusable   N/A       N/A         4
 Death Channel            Necr           Unusable   N/A       N/A         6

Dungeon Overview and Level Annotations

Branches:
Dungeon (9/15)             Temple (1/1) D:4            Lair (1/5) D:8
    Orc (0/2) D:9

Altars:
Ashenzari
Dithmenos
Gozag
Hepliaklqana
Kikubaaqudgha
Makhleb
Nemelex Xobeh
Okawaru
Qazlal
Ru
Sif Muna
Uskayaw
Vehumet
Xom
Yredelemnul

Shops:
D:7 !   D:9 [

Annotations:
D:3 Ijyb
D:4 3 runed translucent doors, Timisetechie's ghost, amateur HOFi
Lair:1 Ymaizaaff's ghost, journeyman MiBe


Innate Abilities, Weirdness & Mutations

You have sharp fingernails.
You are mostly covered in icy blue scales. (AC +3)
You sometimes emit foul miasma when damaged in melee.
You regenerate health from kills.


Message History

You hit Ymaizaaff's ghost.
Ymaizaaff's ghost is heavily damaged.
You block Ymaizaaff's ghost's attack.
You hit Ymaizaaff's ghost.
Lightning courses through Ymaizaaff's ghost!
Ymaizaaff's ghost is severely damaged.
Your necrophage hits Ymaizaaff's ghost but does no damage.
Your water moccasin zombie bites Ymaizaaff's ghost but does no damage.
You miss Ymaizaaff's ghost.
Ymaizaaff's ghost is severely damaged.
You block Ymaizaaff's ghost's attack.
Your water moccasin zombie misses Ymaizaaff's ghost.
You barely miss Ymaizaaff's ghost.
Ymaizaaff's ghost is severely damaged.
Your necrophage hits Ymaizaaff's ghost.
You hit Ymaizaaff's ghost but do no damage.
Ymaizaaff's ghost is severely damaged.
Ymaizaaff's ghost hits you!
* * * LOW HITPOINT WARNING * * *
Ymaizaaff's ghost burns you.
* * * LOW HITPOINT WARNING * * *
You emit a cloud of foul miasma!
Your water moccasin zombie closely misses Ymaizaaff's ghost.
Your necrophage hits Ymaizaaff's ghost but does no damage.
You hit Ymaizaaff's ghost but do no damage.
Ymaizaaff's ghost is severely damaged.
You hit Ymaizaaff's ghost.
Ymaizaaff's ghost is severely damaged.
Your water moccasin zombie completely misses Ymaizaaff's ghost.
Ymaizaaff's ghost hits you but does no damage.
Your necrophage closely misses Ymaizaaff's ghost.
You hit Ymaizaaff's ghost but do no damage.
Lightning courses through Ymaizaaff's ghost!
Ymaizaaff's ghost is almost destroyed.
Your water moccasin zombie barely misses Ymaizaaff's ghost.
You closely miss Ymaizaaff's ghost.
Ymaizaaff's ghost is almost destroyed.
Ymaizaaff's ghost hits you!
You die...
Your body rises from the dead as a mindless zombie.

.......................###.......
.(....................## ####....
........Z............## ####.
......Z..ZZ..........# #.
.......####Z...##..### ##
........# #..####.## ........#
#.######Z# #.......###...#..###
#....##..####...@#(##
#.#######.##....ZW_.# ###
#####.#.n#$## ###..### ####


You could see a +2 war axe of chaos, Ymaizaaff's ghost (ally target), a friendly
necrophage (summoned) and a friendly water moccasin zombie.

Vanquished Creatures
  Erica (D:8)
  Pikel (D:6)
  Maurice (D:8)
  3 black mambas
  A cane toad (Lair:1)
  Maggie (D:6)
  A gargoyle (D:8)
  2 komodo dragons (Lair:1)
  Grinder (D:3)
  Sigmund (D:4)
  4 wyverns
  14 yaks
  Eustachio (D:3)
  4 water moccasins
  An acid dragon (D:8)
  8 orc warriors
  2 ice beasts
  An ogre (D:8)
  3 wolves (Lair:1)
  2 centaurs
  A phantom (D:7)
  4 bullfrogs
  A gnoll sergeant (D:7)
  A necrophage (D:5)
  2 scorpions
  5 wights (D:8)
  A howler monkey (D:4)
  8 killer bees
  A jelly (D:6)
  6 orc priests
  Crazy Yiuf (D:6)
  A hound (D:3)
  Jessica (D:2)
  A gnoll bouda (D:8)
  3 iguanas
  13 orc wizards
  A mummy (D:5)
  12 gnolls
  5 adders
  A shadow imp (D:6)
  An ufetubus (D:6)
  2 worms (D:5)
  2 dart slugs (D:3)
  43 orcs
  8 ball pythons
  4 endoplasms
  A giant cockroach (D:3)
  9 goblins
  5 hobgoblins
  7 jackals
  7 kobolds
  4 quokkas
  6 bats
  7 frilled lizards
  2 rats
230 creatures vanquished.

Vanquished Creatures (collateral kills)
  A cane toad (Lair:1)
  A troll (D:9)
  Prince Ribbit (D:6)
  A yak (Lair:1)
  3 water moccasins
  An orc warrior (D:9)
  A sky beast (D:6)
  A centaur (D:6)
  A wolf (Lair:1)
  An ogre (D:8)
  A phantom (D:6)
  A bullfrog (D:6)
  A scorpion (D:6)
  6 killer bees
  A hound (D:6)
  3 orc priests
  An orc wizard (D:6)
  13 orcs
39 creatures vanquished.

Vanquished Creatures (others)
  A wyvern zombie (D:9)
  A water moccasin zombie (Lair:1)
  3 yak zombies
  A wolf zombie (Lair:1)
  A bullfrog zombie (Lair:1)
  2 centaur zombies
  4 killer bee zombies
  A human zombie (D:6)
  A sky beast zombie (D:6)
  A spectral shadow imp (D:6)
  A gnoll zombie (D:8)
  A frilled lizard zombie (D:8)
  A jackal zombie (D:5)
  16 orc zombies
  4 fungi
  A plant (D:8)
40 creatures vanquished.

Grand Total: 309 creatures vanquished

Notes
Turn   | Place    | Note
-------+----------+-------------------------------------------
     0 | D:1      | wormed the Demonspawn Fighter began the quest for the Orb.
     0 | D:1      | Reached XP level 1. HP: 18/18 MP: 1/1
   178 | D:1      | Reached skill level 2 in Maces & Flails
   218 | D:1      | Gained mutation: You may rarely emit foul miasma when
                  | damaged in melee. [demonic ancestry]
   218 | D:1      | Reached XP level 2. HP: 19/24 MP: 2/2
   949 | D:1      | Found a faded altar of an unknown god.
  1455 | D:2      | Gained mutation: You are partially covered in icy blue
                  | scales. (AC +2) [demonic ancestry]
  1455 | D:2      | Reached XP level 3. HP: 17/29 MP: 3/3
  1619 | D:2      | Noticed Jessica
  1627 | D:2      | Killed Jessica
  2172 | D:3      | Noticed Grinder
  2203 | D:3      | Gained mutation: You regenerate a little health from kills.
                  | [demonic ancestry]
  2203 | D:3      | Reached XP level 4. HP: 33/35 MP: 4/4
  2223 | D:3      | Found a radiant altar of Vehumet.
  2344 | D:3      | Reached skill level 3 in Maces & Flails
  2420 | D:3      | Paralysed by Grinder for 3 turns
  2428 | D:3      | Paralysed by Grinder for 5 turns
  2564 | D:3      | Paralysed by Grinder for 4 turns
  2931 | D:3      | Noticed Ijyb
  3176 | D:3      | Paralysed by Grinder for 2 turns
  3179 | D:3      | Paralysed by Grinder for 2 turns
  3188 | D:3      | Paralysed by Grinder for 3 turns
  3206 | D:3      | Killed Grinder
  3207 | D:3      | Reached skill level 4 in Maces & Flails
  3207 | D:3      | Reached XP level 5. HP: 6/42 MP: 5/5
  3207 | D:3      | Reached XP level 6. HP: 7/48 MP: 6/6
  3747 | D:4      | Noticed Sigmund
  3928 | D:4      | Noticed Eustachio
  4161 | D:3      | Killed Eustachio
  4162 | D:3      | Gained mutation: You sometimes emit foul miasma when
                  | damaged in melee. [demonic ancestry]
  4162 | D:3      | Reached XP level 7. HP: 25/55 MP: 7/7
  4340 | D:4      | Found a staircase to the Ecumenical Temple.
  4443 | D:4      | Found a runed translucent gate.
  4444 | D:4      | Found a runed translucent gate.
  4444 | D:4      | Found a runed translucent gate.
  4444 | D:4      | Noticed Timisetechie's ghost (amateur HOFi)
  4471 | D:4      | Killed Sigmund
  4472 | D:4      | Reached skill level 5 in Maces & Flails
  4713 | D:4      | Found an opulent altar of Gozag.
  5177 | D:4      | Found a hide-covered altar of Uskayaw.
  5258 | Temple   | Entered the Ecumenical Temple
  5263 | Temple   | Became a worshipper of Yredelemnul the Dark
  5307 | D:5      | Entered Level 5 of the Dungeon
  5485 | D:5      | Identified the ring of Quynoy {rF+ rC+ MP+9 Str+4 Slay-2}
  5507 | D:5      | Reached skill level 5 in Fighting
  5622 | D:5      | Gained mutation: You have sharp fingernails. [demonic
                  | ancestry]
  5622 | D:5      | Reached XP level 8. HP: 26/62 MP: 8/8
  5912 | D:5      | Reached * piety under Yredelemnul
  6215 | D:5      | Reached ** piety under Yredelemnul
  6574 | D:6      | Noticed Maggie
  6595 | D:6      | Reached skill level 6 in Maces & Flails
  6613 | D:6      | Killed Maggie
  6614 | D:6      | Reached skill level 5 in Armour
  6614 | D:6      | Reached skill level 5 in Shields
  6848 | D:6      | Found a stormy altar of Qazlal.
  6941 | D:6      | Found an ancient bone altar of Kikubaaqudgha.
  6943 | D:6      | Found a shadowy altar of Dithmenos.
  6964 | D:6      | Noticed Pikel
  6985 | D:6      | Killed Pikel
  6986 | D:6      | Reached skill level 7 in Maces & Flails
  6986 | D:6      | Gained mutation: You are mostly covered in icy blue scales.
                  | (AC +3) [demonic ancestry]
  6986 | D:6      | Reached XP level 9. HP: 48/69 MP: 9/9
  7084 | D:6      | Your ally Maggie died
  7387 | D:6      | Identified the +1 leather armour of the Forgotten Tusks
                  | {rPois Int+4 Dex+6}
  7397 | D:6      | Reached *** piety under Yredelemnul
  7431 | D:6      | Noticed Prince Ribbit
  7435 | D:6      | Killed Prince Ribbit
  7436 | D:6      | Reached skill level 8 in Maces & Flails
  7484 | D:6      | Found a runed translucent door.
  7485 | D:6      | Noticed Crazy Yiuf
  7491 | D:6      | Killed Crazy Yiuf
  7624 | D:7      | Found a sparkling altar of Nemelex Xobeh.
  7912 | D:7      | Found a burning altar of Makhleb.
  8153 | D:7      | Found Catoast's Distillery.
  8392 | D:7      | Gained mutation: You regenerate health from kills. [demonic
                  | ancestry]
  8392 | D:7      | Reached XP level 10. HP: 79/79 MP: 10/10
  8811 | D:8      | Found a sacrificial altar of Ru.
  8834 | D:8      | Noticed a gargoyle
  8862 | D:8      | Killed a gargoyle
  9252 | D:8      | Found a shimmering blue altar of Sif Muna.
  9255 | D:8      | Noticed Erica
  9506 | D:8      | Reached skill level 9 in Maces & Flails
  9522 | D:8      | Noticed Maurice
  9525 | D:8      | Paralysed by Maurice for 2 turns
  9560 | D:8      | Paralysed by Maurice for 5 turns
  9575 | D:8      | Killed Maurice
  9811 | D:8      | Found a transporter.
  9838 | D:8      | Found a transporter.
 10277 | D:8      | Killed Erica
 10639 | D:8      | Reached **** piety under Yredelemnul
 10771 | D:8      | Found a staircase to the Lair.
 11022 | Lair:1   | Entered Level 1 of the Lair of Beasts
 11022 | Lair:1   | Noticed a black mamba
 11066 | D:9      | Found Qaelomp's Antique Armour Emporium.
 11100 | D:9      | Reached skill level 10 in Maces & Flails
 11358 | D:9      | Found a staircase to the Orcish Mines.
 11418 | D:9      | Reached XP level 11. HP: 32/86 MP: 11/11
 11598 | D:9      | Found a broken altar of Ashenzari.
 11860 | D:9      | Reached ***** piety under Yredelemnul
 12759 | Lair:1   | Reached skill level 11 in Maces & Flails
 12890 | Lair:1   | Found a runed translucent door.
 12890 | Lair:1   | Found a shimmering altar of Xom.
 12890 | Lair:1   | Noticed Ymaizaaff's ghost (journeyman MiBe)
 12890 | Lair:1   | Noticed a +2 war axe of chaos
 13435 | Lair:1   | Slain by Ymaizaaff's ghost

Illustrated notes

Levels and vault maps discovered:
D:1:      minmay_arrival_checkered_box, layout_loops_corners,
          hellmonk_ecumenical_altar_slurped_away,
          nicolae_concentric_dashed_squares_wild
D:2:      layout_rooms, uniq_jessica
D:3:      layout_basic, vehumet_crystals, uniq_grinder, uniq_ijyb
D:4:      layout_loops_cross, grunt_gozag_statues,
          lemuel_coloured_pillars_altar, minmay_temple_entry_waves,
          ebering_ghost_rock_garden, minmay_distorted, uniq_sigmund,
          uniq_eustachio
D:5:      layout_loops_cross, gup_ossuary_entry_pyramid
D:6:      layout_rooms, mainiacjoe_overflow_catwalk_spiral,
          grunt_qazlal_sundering, uniq_maggie, uniq_crazy_yiuf_cottage,
          uniq_pikel, uniq_prince_ribbit1
D:7:      layout_basic, lemuel_crystal_altar, mainiacjoe_overflow_paths,
          serial_shops, shop
D:8:      gammafunk_beogh_shrine, layout_loops_ring,
          mainiacjoe_overflow_catwalk, nicolae_ru_great_annihilating_truth,
          lair_entry_dummy, wad_dig_loot, uniq_erica, uniq_maurice
D:9:      layout_irregular_city, cheibrodos_ashenzari_chains, david_orc_5,
          serial_shops, nicolae_diamond_shop
Temple:   nicolae_temple_ecumenical_triangle
Lair:1:   layout_cave_shapes, ebering_ghost_xom, grunt_megastairs_2,
          serial_bayou_shore_b

Skill      XL: |  1  2  3  4  5  6  7  8  9 10 11 |
---------------+----------------------------------+-----
Maces & Flails | 2 4 5 7 8 10 11 | 11.3
Armour         | 3 4 5 6 7 8 |  8.4
Shields        | 3 4 5 6 7 8 |  8.3
Fighting       | 4 5 6 7 8 9 |  9.1

Action                   |  1- 3 |  4- 6 |  7- 9 | 10-12 || total
-------------------------+-------+-------+-------+-------++-------
Melee: Flail             |   110 |   191 |   211 |       ||   512
       Whip              |       |       |   212 |   684 ||   896
Invok: Dark Bargain      |       |       |     1 |     1 ||     2
  Use: Scroll            |       |     5 |     3 |     4 ||    12
       Potion            |       |     2 |     1 |     4 ||     7
 Stab: Distracted        |       |       |     2 |     3 ||     5
       Paralysed         |       |       |       |     1 ||     1
Armor: Scale mail        |    54 |   182 |   174 |   109 ||   519
       Plate armour      |       |       |       |   179 ||   179
Dodge: Dodged            |    49 |   156 |   151 |   168 ||   524
Block: Buckler           |    14 |    76 |    90 |   160 ||   340
